[Event "Titled Tuesday Blitz April 25 Early 2023"]
[White "Shomoev, Anton"]
[Black "Arias, Juan Cruz"]
[WhiteFideId "4135148"]
[BlackFideId "118540"]
[WhiteElo "2451"]
[BlackElo "2243"]
[Result "1-0"]
[Round "07"]
[TimeControl "180+2"]
[Date "2023.04.25"]
[WhiteClock "0:00:32"]
[BlackClock "0:00:39"]

1. d4 d5 2. c4 e6 3. Nc3 Nf6 4. cxd5 exd5 5. Bg5 c6 6. e3 h6 7. Bh4 Be7 8. Bd3 O-O 9. Nf3 Ne4 10. Bxe7 Qxe7 11. Qc2 Re8 12. Ne5 Nd7 13. Bxe4 dxe4 14. Nxd7 Bxd7 15. O-O Qg5 16. Ne2 h5 17. Nf4 Be6 18. Rfc1 Bd5 19. Nxd5 cxd5 20. Qb3 b6 21. Rc7 Rad8 22. Rac1 h4 23. h3 Rd6 24. Qb5 Ree6 25. Rxa7 Rg6 26. Qf1 Qf5 27. Ra8+ Kh7 28. Rcc8 Rh6 29. Rh8+ Kg6 30. Rxh6+ Kxh6 31. Rh8+ Kg5 32. Qc1 Rf6 33. Qc2 Qd7 34. Qe2 g6 35. Qe1 Rd6 36. f4+ exf3 37. Qxh4+ Kf5 38. Qf4+ Ke6 39. Qe5# 1-0


[Site "https://www.chess.com"]

[Event "Titled Tuesday Blitz April 25 Early 2023"]
[White "Odegov, Artem"]
[Black "Csonka, Balazs"]
[WhiteFideId "34183644"]
[BlackFideId "742910"]
[WhiteElo "2300"]
[BlackElo "2404"]
[Result "1/2-1/2"]
[Round "07"]
[TimeControl "180+2"]
[Date "2023.04.25"]
[WhiteClock "0:00:13"]
[BlackClock "0:00:04"]

1. d4 Nf6 2. c4 e6 3. Nf3 d5 4. Nc3 Be7 5. Bg5 h6 6. Bxf6 Bxf6 7. e3 O-O 8. Qc2 c5 9. Rd1 cxd4 10. Nxd4 Nc6 11. Ndb5 a6 12. cxd5 axb5 13. dxc6 Qa5 14. a3 bxc6 15. Be2 Bxc3+ 16. bxc3 Qxa3 17. O-O Qc5 18. Qb2 e5 19. Qb4 Qxb4 20. cxb4 Ra4 21. Rb1 Be6 22. Rfc1 Bd5 23. f3 e4 24. Rc5 Rfa8 25. Bxb5 cxb5 26. Rxd5 Ra2 27. Rxb5 Re2 28. Ra5 Rd8 29. b5 Rdd2 30. b6 Rxg2+ 31. Kf1 Rdf2+ 32. Ke1 Re2+ 33. Kf1 Rgf2+ 34. Kg1 Rg2+ 35. Kf1 Rxh2 36. b7 Ref2+ 37. Kg1 Rfg2+ 38. Kf1 Rf2+ 39. Kg1 Rhg2+ 40. Kh1 Rh2+ 41. Kg1 1/2-1/2


[Site "https://www.chess.com"]

[Event "Titled Tuesday Blitz April 25 Early 2023"]
[White "Aradhya, Garg"]
[Black "Toropov, Pavel"]
[WhiteFideId "25006746"]
[BlackFideId "24129178"]
[WhiteElo "2263"]
[BlackElo "2182"]
[Result "1-0"]
[Round "07"]
[TimeControl "180+2"]
[Date "2023.04.25"]
[WhiteClock "0:00:25"]
[BlackClock "0:00:23"]

1. d4 d5 2. c4 c6 3. Nc3 Nf6 4. e3 Bf5 5. cxd5 cxd5 6. Qb3 Qb6 7. Nxd5 Nxd5 8. Qxd5 e6 9. Qb5+ Nc6 10. Bd2 Be7 11. Nf3 O-O 12. Be2 Nb4 13. O-O Qxb5 14. Bxb5 a6 15. Be2 Rac8 16. Rfc1 Nc2 17. Rab1 Bb4 18. Kf1 h6 19. a3 Bd6 20. Ne1 Nxe1 21. Rxc8 Rxc8 22. Rxe1 Rc2 23. Bc3 Bxa3 24. Bd1 Bd3+ 25. Be2 Rxe2 26. Rxe2 Bd6 27. Ke1 Bxe2 28. Kxe2 Kf8 29. e4 Ke7 30. h4 Kd7 31. h5 f6 32. Kd3 Kc6 33. Bd2 Kb5 34. g4 a5 35. f4 a4 36. e5 fxe5 37. dxe5 Be7 38. f5 Kc6 39. Ke4 Kd7 40. Bc3 b5 41. f6 Bf8 42. Bb4 Ke8 43. Bxf8 Kxf8 44. fxg7+ Kxg7 45. Kd4 b4 46. Kc4 a3 47. bxa3 bxa3 48. Kb3 Kf7 49. Kxa3 Ke7 50. Kb4 Kd7 51. Kb5 Ke7 52. Kc6 Kf7 53. Kd7 1-0


[Site "https://www.chess.com"]

[Event "Titled Tuesday Blitz April 25 Early 2023"]
[White "Pakleza, Zbigniew"]
[Black "Dzagnidze, Nana"]
[WhiteFideId "1119290"]
[BlackFideId "13601903"]
[WhiteElo "2410"]
[BlackElo "2406"]
[Result "1-0"]
[Round "07"]
[TimeControl "180+2"]
[Date "2023.04.25"]
[WhiteClock "0:00:45"]
[BlackClock "0:00:16"]

1. d4 d5 2. Bf4 Bf5 3. c4 e6 4. Nc3 c6 5. e3 Nd7 6. Qb3 Qb6 7. Nf3 Ngf6 8. c5 Qxb3 9. axb3 a6 10. b4 Rc8 11. h3 Be7 12. Nd2 Bd8 13. Nb3 Bc7 14. Bxc7 Rxc7 15. b5 O-O 16. b6 Rcc8 17. Na5 Rb8 18. b4 e5 19. Kd2 Ne4+ 20. Nxe4 Bxe4 21. f3 Bg6 22. Bxa6 bxa6 23. Nxc6 Rbe8 24. Rxa6 f6 25. Ra7 Nb8 26. b5 Rf7 27. Rha1 Bf5 28. Ra8 Rff8 29. Rxb8 Rxb8 30. Ne7+ Kf7 31. Nxf5 g6 32. Ra7+ 1-0


[Site "https://www.chess.com"]

[Event "Titled Tuesday Blitz April 25 Early 2023"]
[White "Starozhilov, Leonid"]
[Black "Sharapov, Evgeny"]
[WhiteFideId "14106752"]
[BlackFideId "14103133"]
[WhiteElo "2352"]
[BlackElo "2367"]
[Result "0-1"]
[Round "07"]
[TimeControl "180+2"]
[Date "2023.04.25"]
[WhiteClock "0:00:07"]
[BlackClock "0:00:17"]

1. e4 c5 2. Nf3 d6 3. Bb5+ Bd7 4. Bc4 Nc6 5. c3 Nf6 6. d3 Bg4 7. h3 Bxf3 8. Qxf3 g6 9. O-O Bg7 10. a3 O-O 11. Qe2 Rb8 12. a4 a6 13. Na3 Nd7 14. Be3 Qc7 15. f4 Na5 16. Kh1 Nxc4 17. dxc4 Qc6 18. Bg1 Nf6 19. Rfe1 e6 20. a5 d5 21. cxd5 exd5 22. exd5 Nxd5 23. Qf3 Rfe8 24. Nc4 Rbd8 25. Rxe8+ Rxe8 26. Rd1 Ne7 27. Qxc6 Nxc6 28. Bxc5 h5 29. Kg1 Re4 30. Nd6 Re2 31. Ba3 Nxa5 32. Kf1 Rc2 33. Nxb7 Nxb7 34. Rd7 Na5 35. Rd8+ Kh7 36. Rd7 Nc4 37. Bc5 Rxb2 38. Rxf7 Kg8 39. Ra7 a5 40. g4 hxg4 41. hxg4 Ra2 42. f5 gxf5 43. gxf5 a4 44. Ra8+ Kf7 45. Ra7+ Kg8 46. Ra8+ Kh7 47. Ra7 Kh6 48. Be7 a3 49. f6 Bxf6 50. Bxf6 Rb2 51. Be7 a2 52. Bf8+ Kg6 53. Ra6+ Kf5 54. Ra4 Rb1+ 55. Ke2 a1=Q 56. Rxc4 Re1+ 57. Kd3 Qd1# 0-1


[Site "https://www.chess.com"]

[Event "Titled Tuesday Blitz April 25 Early 2023"]
[White "Lehtosaari, Mauri"]
[Black "Halkias, Stelios"]
[WhiteFideId "501999"]
[BlackFideId "4201809"]
[WhiteElo "2534"]
[BlackElo "2451"]
[Result "0-1"]
[Round "07"]
[TimeControl "180+2"]
[Date "2023.04.25"]
[WhiteClock "0:00:01"]
[BlackClock "0:00:10"]

1. d4 Nf6 2. Nf3 g6 3. Bg5 Bg7 4. Nbd2 d6 5. e3 O-O 6. Bc4 Nc6 7. O-O Qe8 8. c3 e5 9. a4 a6 10. Ba2 h6 11. Bxf6 Bxf6 12. Qc2 Kh7 13. h3 Bg7 14. Rfe1 f5 15. dxe5 dxe5 16. e4 f4 17. Rad1 g5 18. Nf1 Ne7 19. Rd2 Ng6 20. Red1 Qe7 21. Qb3 h5 22. Qb4 c5 23. Qb6 g4 24. hxg4 hxg4 25. N3h2 Nh4 26. Rd8 Rf6 27. R1d6 Rxd6 28. Qxd6 Qxd6 29. Rxd6 b5 30. Bd5 Ra7 31. a5 Rc7 32. Nd2 c4 33. Rc6 Rxc6 34. Bxc6 Ng6 35. b3 Ne7 36. Be8 b4 37. Nxc4 bxc3 38. Na3 Be6 39. Ba4 Nc8 40. b4 Nd6 41. f3 g3 42. Nf1 Bf8 43. Bc2 Nc4 44. Nxc4 Bxc4 45. Bd1 Bxb4 46. Bc2 Bxa5 0-1


[Site "https://www.chess.com"]

[Event "Titled Tuesday Blitz April 25 Early 2023"]
[White "Wagner, Dennis"]
[Black "Pauly, Carlo"]
[WhiteFideId "24650684"]
[BlackFideId "24673269"]
[WhiteElo "2470"]
[BlackElo "2254"]
[Result "1/2-1/2"]
[Round "07"]
[TimeControl "180+2"]
[Date "2023.04.25"]
[WhiteClock "0:00:20"]
[BlackClock "0:00:13"]

1. c4 Nf6 2. Nf3 g6 3. b3 Bg7 4. Bb2 O-O 5. g3 d6 6. d4 Nc6 7. Bg2 e5 8. dxe5 dxe5 9. O-O Bf5 10. Nxe5 Qxd1 11. Rxd1 Ng4 12. Nxg4 Bxb2 13. Nh6+ Kg7 14. Nxf5+ gxf5 15. Bxc6 bxc6 16. Nd2 Bxa1 17. Rxa1 a5 18. Nf3 a4 19. b4 Rfd8 20. a3 Kf6 21. Kg2 Rd7 22. e3 Rd3 23. Nd4 c5 24. bxc5 Rb8 25. Nb5 c6 26. Nd4 Rc3 27. Nxc6 Rc8 28. Nb4 Rxc4 29. c6 Ke5 30. Rd1 Rc3 31. Rd5+ Ke6 32. Ra5 Rxa3 33. Ra6 Rc7 34. Nc2 Ra2 35. Nd4+ Kd5 36. Ra5+ Kc4 37. Rxf5 a3 38. Ra5 Kb4 39. Rb5+ Ka4 40. Rb8 Rb2 41. Ra8+ Kb4 42. Rb8+ Kc4 43. Ra8 a2 44. Kf3 Kc3 45. Ke4 Kd2 46. Kd5 Kc1 47. Kd6 Rc8 48. Ra7 Kb1 49. Kd7 Rh8 50. c7 a1=Q 51. Rxa1+ Kxa1 52. c8=Q Rxc8 53. Kxc8 Rxf2 54. h4 Rg2 55. Nf5 Rf2 56. e4 Re2 57. Nd6 Re3 58. Kd7 Rxg3 59. Nxf7 Rg4 60. e5 Rxh4 61. e6 Re4 62. e7 h5 63. Ng5 Rxe7+ 64. Kxe7 h4 65. Nh3 Kb2 66. Kf6 Kc2 67. Kg5 Kd2 68. Kxh4 1/2-1/2


[Site "https://www.chess.com"]

[Event "Titled Tuesday Blitz April 25 Early 2023"]
[White "Spata, German"]
[Black "Herman, Daniel"]
[WhiteFideId "113026"]
[BlackFideId "30935008"]
[WhiteElo "2238"]
[BlackElo "1897"]
[Result "1/2-1/2"]
[Round "07"]
[TimeControl "180+2"]
[Date "2023.04.25"]
[WhiteClock "0:00:04"]
[BlackClock "0:00:11"]

1. e4 e6 2. d3 d5 3. Nd2 c5 4. Ngf3 Nc6 5. g3 Bd6 6. Bg2 Nge7 7. O-O O-O 8. c3 b5 9. exd5 exd5 10. Nb3 Nf5 11. d4 c4 12. Nbd2 Be6 13. Re1 h6 14. Nf1 Qd7 15. Ne3 Rae8 16. Bd2 Nxe3 17. Bxe3 Bg4 18. Qd2 Qf5 19. Nh4 Qh5 20. h3 Bxh3 21. Bxh3 g5 22. Nf5 Bxg3 23. Nxg3 Qxh3 24. Bxg5 hxg5 25. Qxg5+ Kh7 26. Rxe8 Rxe8 27. Qxd5 Re6 28. Qg2 Qxg2+ 29. Kxg2 Ne7 30. Kf1 Kg6 31. Re1 Nd5 32. Rxe6+ fxe6 33. Ke2 Nf4+ 34. Kd2 Nd3 35. b3 cxb3 36. axb3 Nxf2 37. Ke3 Nd1+ 38. Kd3 a5 39. Ne4 a4 40. Kc2 Ne3+ 41. Kb2 axb3 42. Kxb3 Nd5 43. Nd6 Nc7 44. Kb4 Nd5+ 45. Kb3 Nc7 46. Ne4 Kf5 47. Nc5 e5 48. Kb4 exd4 49. cxd4 Kf4 50. Ne6+ Nxe6 51. Kxb5 Nxd4+ 1/2-1/2


[Site "https://www.chess.com"]

[Event "Titled Tuesday Blitz April 25 Early 2023"]
[White "Aaditya Dhingra"]
[Black "Kuzmin, Roman"]
[WhiteFideId "25678191"]
[BlackFideId "44134932"]
[WhiteElo "2083"]
[BlackElo "2192"]
[Result "1-0"]
[Round "07"]
[TimeControl "180+2"]
[Date "2023.04.25"]
[WhiteClock "0:00:04"]
[BlackClock "0:00:08"]

1. c4 e6 2. Nf3 Nf6 3. g3 d5 4. Bg2 Be7 5. O-O O-O 6. b3 c5 7. Bb2 d4 8. e3 Nc6 9. exd4 cxd4 10. Re1 Bc5 11. d3 Re8 12. Ne5 Nxe5 13. Rxe5 Bd6 14. Re1 e5 15. Nd2 Bg4 16. Qc2 Qd7 17. c5 Rac8 18. b4 Bf8 19. Nc4 Qc7 20. Qd2 b6 21. c6 b5 22. Na5 Be6 23. f4 Nd5 24. a3 exf4 25. Bxd4 fxg3 26. Be5 Bd6 27. Qg5 gxh2+ 28. Kh1 f6 29. Bxd6 Qxd6 30. Rxe6 Rxe6 31. Qxd5 Kf8 32. Qxd6+ Rxd6 33. Rd1 Rd4 34. Nb3 Rd6 35. d4 Rdxc6 36. Bxc6 Rxc6 37. Nc5 Rd6 38. d5 f5 39. Kxh2 Kf7 40. Kg3 Kf6 41. Kf4 g5+ 42. Kf3 Ke5 43. Kf2 Rxd5 44. Re1+ Kd4 45. Re7 a5 46. Ne6+ Kc4 47. bxa5 Kb3 48. Nxg5 Ka4 49. a6 Kxa3 50. a7 Rd8 51. Ne6 Ra8 52. Nc7 Rc8 53. a8=Q+ Rxa8 54. Nxa8 b4 55. Nb6 b3 56. Nd5 b2 57. Nc3 Kb3 58. Re3 h5 59. Ke2 f4 60. Rf3 Kc2 61. Kf2 h4 62. Rh3 Kd2 63. Rf3 Kc2 64. Ke2 Kc1 65. Rxf4 Kc2 66. Rf3 h3 67. Rxh3 Kc1 68. Kd3 b1=Q+ 69. Nxb1 Kb2 70. Rh2+ Ka1 71. Nd2 Kb2 72. Nc4+ Kb3 73. Rb2+ Ka4 74. Ne3 Ka3 75. Kc3 Ka4 76. Rb3 Ka5 77. Nc4+ Ka4 78. Rb4# 1-0


[Site "https://www.chess.com"]

[Event "Titled Tuesday Blitz April 25 Early 2023"]
[White "Nevednichy, Vladislav"]
[Black "Belov, Alexei"]
[WhiteFideId "1205730"]
[BlackFideId "4128206"]
[WhiteElo "2370"]
[BlackElo "2517"]
[Result "1-0"]
[Round "07"]
[TimeControl "180+2"]
[Date "2023.04.25"]
[WhiteClock "0:01:08"]
[BlackClock "0:00:12"]

1. d4 e6 2. Nf3 d5 3. Bf4 Bd6 4. e3 Ne7 5. Nbd2 Bxf4 6. exf4 b6 7. c3 O-O 8. h4 Ba6 9. Bxa6 Nxa6 10. h5 Nb8 11. Qe2 c5 12. h6 Ng6 13. hxg7 Kxg7 14. g3 Nd7 15. Ne5 h6 16. Ndf3 cxd4 17. Nxg6 fxg6 18. Nxd4 Qf6 19. Nxe6+ Kf7 20. Nxf8 Re8 21. Qxe8+ Kxe8 22. Nxd7 Kxd7 23. O-O-O Qe6 24. Rxd5+ Kc6 25. Rhd1 Kb7 26. Kb1 Qe2 27. R5d2 Qf3 28. a4 h5 29. Ka2 h4 30. Rd7+ Ka6 31. Re1 Qc6 32. Rd4 Qf3 33. gxh4 Qxf2 34. Re7 Qc2 35. Ka3 Qb1 36. Rdd7 b5 37. Re6+ 1-0


[Site "https://www.chess.com"]

[Event "Titled Tuesday Blitz April 25 Early 2023"]
[White "Prohaszka, Peter"]
[Black "Goltseva, Ekaterina"]
[WhiteFideId "726265"]
[BlackFideId "24173770"]
[WhiteElo "2626"]
[BlackElo "2200"]
[Result "1-0"]
[Round "07"]
[TimeControl "180+2"]
[Date "2023.04.25"]
[WhiteClock "0:00:11"]
[BlackClock "0:00:02"]

1. d4 d5 2. c3 Nf6 3. Nf3 g6 4. Bg5 Bg7 5. Nbd2 c5 6. e3 O-O 7. Bd3 b6 8. h4 h6 9. Bxf6 Bxf6 10. h5 g5 11. Bb1 Kg7 12. e4 e6 13. e5 Be7 14. Nf1 Nc6 15. Ne3 Ba6 16. a3 Rh8 17. b4 cxd4 18. cxd4 Rc8 19. Bd3 Bxd3 20. Qxd3 Rc7 21. O-O Qd7 22. Nh2 a5 23. b5 Na7 24. a4 Qc8 25. Nhg4 Rc3 26. Qe2 Qc7 27. f4 gxf4 28. Rxf4 Bg5 29. Raf1 Rf8 30. Nf6 Nc8 31. Rg4 Kh8 32. Rxg5 hxg5 33. Qg4 Rxe3 34. Qxg5 1-0


[Site "https://www.chess.com"]

[Event "Titled Tuesday Blitz April 25 Early 2023"]
[White "Rios Escobar, Adan"]
[Black "Borgaonkar Akshay"]
[WhiteFideId "3403645"]
[BlackFideId "25639110"]
[WhiteElo "2502"]
[BlackElo "2063"]
[Result "0-1"]
[Round "07"]
[TimeControl "180+2"]
[Date "2023.04.25"]
[WhiteClock "0:00:09"]
[BlackClock "0:01:05"]

1. d4 Nf6 2. g3 g6 3. Bg2 Bg7 4. e4 d6 5. Ne2 O-O 6. O-O e5 7. Nbc3 Nc6 8. dxe5 dxe5 9. Bg5 Qe8 10. Nb5 Qe7 11. Nec3 Be6 12. Nd5 Bxd5 13. exd5 Nd8 14. c4 a6 15. Nc3 h6 16. Be3 Nd7 17. Rb1 Kh7 18. b4 f5 19. c5 Qf7 20. c6 bxc6 21. dxc6 Nf6 22. Bc5 Re8 23. Qa4 Ne6 24. Rfd1 Nxc5 25. bxc5 e4 26. Rb7 Re7 27. Ne2 Ng4 28. Rd7 Rxd7 29. cxd7 Qd5 30. Rxc7 Rb8 31. h3 Rb1+ 32. Bf1 Ne5 33. Nd4 Nf3+ 34. Nxf3 exf3 35. c6 Qd3 0-1


[Site "https://www.chess.com"]

[Event "Titled Tuesday Blitz April 25 Early 2023"]
[White "Akylbek2021"]
[Black "Nikologorskiy, Konstantin"]
[BlackFideId "24111708"]
[WhiteElo "2485"]
[BlackElo "2293"]
[Result "0-1"]
[Round "07"]
[TimeControl "180+2"]
[Date "2023.04.25"]
[WhiteClock "0:00:04"]
[BlackClock "0:00:06"]

1. e4 c5 2. Nf3 d6 3. Nc3 a6 4. g3 g6 5. Bg2 Bg7 6. d4 cxd4 7. Nxd4 Nf6 8. O-O O-O 9. h3 Nbd7 10. Be3 Qc7 11. Nd5 Nxd5 12. exd5 Nf6 13. Rc1 b5 14. Nc6 Bb7 15. c4 Bxc6 16. cxb5 axb5 17. Rxc6 Qa5 18. a3 Nd7 19. Re1 Bxb2 20. Bd2 Qxa3 21. Rc7 Ne5 22. Rxe7 Rfe8 23. Rxe8+ Rxe8 24. f4 Qxg3 25. fxe5 Bd4+ 26. Kh1 Rxe5 27. Bb4 Be3 28. Qf3 Qxf3 29. Bxf3 Bf4 30. Ra1 Re3 31. Kg2 Be5 32. Ra8+ Kg7 33. Rb8 Rb3 34. Ba5 Rb2+ 35. Kf1 Bd4 36. Be1 b4 37. Be2 Bc3 38. Bxc3+ bxc3 39. Rxb2 cxb2 40. Bd3 Kf6 41. Ke2 Ke5 42. Kd2 Kxd5 43. Kc2 Kd4 44. Bb5 f5 45. Be8 f4 46. Bc6 Ke3 47. Kxb2 f3 48. Bxf3 Kxf3 49. Kc3 Kg3 0-1


[Site "https://www.chess.com"]

[Event "Titled Tuesday Blitz April 25 Early 2023"]
[White "Khamdamova, Afruza"]
[Black "Williams, Simon K"]
[WhiteFideId "14210444"]
[BlackFideId "404454"]
[WhiteElo "2210"]
[BlackElo "2468"]
[Result "1/2-1/2"]
[Round "07"]
[TimeControl "180+2"]
[Date "2023.04.25"]
[WhiteClock "0:00:17"]
[BlackClock "0:00:06"]

1. e4 c5 2. Nf3 d6 3. Bb5+ Nc6 4. O-O Bd7 5. Nc3 e5 6. d3 Be7 7. Nd5 Nf6 8. h3 Nxd5 9. exd5 Nb8 10. a4 O-O 11. Bxd7 Nxd7 12. c4 f5 13. Re1 a5 14. Bd2 Kh8 15. Qb3 Qc7 16. Bc3 Nb8 17. Nd2 Na6 18. f4 exf4 19. Re6 Nb4 20. Rae1 Rf7 21. Nf3 Raf8 22. Bxb4 axb4 23. d4 cxd4 24. Nxd4 Qc5 25. Rxe7 Qxd4+ 26. Kh1 h6 27. Rxf7 Rxf7 28. Qxb4 f3 29. gxf3 Qf2 30. Qc3 Rf6 31. Qe3 Qxb2 32. Rg1 Rf8 33. Qe7 Rc8 34. c5 Qc3 35. Rg2 Qc1+ 36. Rg1 Qc3 37. Kh2 Qe5+ 38. Qxe5 dxe5 39. Rc1 Kg8 40. c6 bxc6 41. Rxc6 Ra8 42. d6 Kf7 43. Rc7+ Ke6 44. Rxg7 Kxd6 45. Rg6+ Kd5 46. Rxh6 Rxa4 47. Kg3 f4+ 48. Kg4 Ra1 49. Rh8 Rf1 50. Kf5 Rxf3 51. Rd8+ Kc4 52. Kxe5 Rxh3 53. Kxf4 Rd3 54. Rc8+ Kb3 55. Ke4 Rc3 56. Rb8+ Kc2 57. Kd4 Rb3 58. Rc8+ Kd2 59. Rh8 Rb4+ 60. Kc5 Rg4 61. Rh2+ Ke3 62. Rh3+ Kf4 63. Kd5 Rg3 64. Rxg3 Kxg3 1/2-1/2


[Site "https://www.chess.com"]

[Event "Titled Tuesday Blitz April 25 Early 2023"]
[White "Mamedov, Edgar"]
[Black "Kubatko, Ivan"]
[WhiteFideId "13739980"]
[BlackFideId "24111473"]
[WhiteElo "2330"]
[BlackElo "2285"]
[Result "1-0"]
[Round "07"]
[TimeControl "180+2"]
[Date "2023.04.25"]
[WhiteClock "0:02:29"]
[BlackClock "0:00:58"]

1. Nf3 d5 2. d4 c5 3. c4 e6 4. cxd5 exd5 5. Nc3 Nc6 6. g3 Nf6 7. Bg2 Be7 8. O-O O-O 9. Bg5 c4 10. e3 h6 11. Bxf6 Bxf6 12. Nd2 Be6 13. b3 Qa5 14. bxc4 dxc4 15. Nde4 Be7 16. d5 Rfd8 17. Qb1 Bxd5 18. Nxd5 Rxd5 19. Qxb7 1-0


[Site "https://www.chess.com"]

[Event "Titled Tuesday Blitz April 25 Early 2023"]
[White "Hamitevici, Vladimir"]
[Black "Goldin, Roman"]
[WhiteFideId "13902393"]
[BlackFideId "2803860"]
[WhiteElo "2401"]
[BlackElo "2312"]
[Result "1-0"]
[Round "07"]
[TimeControl "180+2"]
[Date "2023.04.25"]
[WhiteClock "0:00:07"]
[BlackClock "0:00:01"]

1. e4 Nc6 2. Nf3 e5 3. Bb5 a6 4. Ba4 Nf6 5. d3 d6 6. c3 Bg4 7. Nbd2 Be7 8. h3 Bh5 9. g4 Bg6 10. Qe2 Nd7 11. Nf1 Nc5 12. Bc2 Ne6 13. Ng3 Ng5 14. Nf5 Bxf5 15. gxf5 Nxf3+ 16. Qxf3 Bg5 17. Qg4 Bf6 18. Bd2 Qe7 19. b4 O-O-O 20. Bb3 h5 21. Qg2 Qe8 22. a4 Ne7 23. Qf3 d5 24. exd5 e4 25. dxe4 Nxd5 26. Rd1 Nxc3 27. Bxc3 Bxc3+ 28. Ke2 Bxb4 29. Rxd8+ Qxd8 30. Rd1 Qe7 31. Qd3 Re8 32. f3 c6 33. Qc4 a5 34. Qxf7 Qe5 35. Be6+ Kb8 36. Qxe8+ Ka7 37. Qd7 Qh2+ 38. Kd3 Qf2 39. Qd4+ Qxd4+ 40. Kxd4 1-0


[Site "https://www.chess.com"]

[Event "Titled Tuesday Blitz April 25 Early 2023"]
[White "Rosenberg, Evan S"]
[Black "Rustemov, Alexander"]
[WhiteFideId "2019299"]
[BlackFideId "4119002"]
[WhiteElo "2302"]
[BlackElo "2767"]
[Result "0-1"]
[Round "07"]
[TimeControl "180+2"]
[Date "2023.04.25"]
[WhiteClock "0:00:01"]
[BlackClock "0:00:17"]

1. d4 g6 2. e4 Bg7 3. Nc3 d6 4. Nf3 Nf6 5. Be2 O-O 6. O-O Bg4 7. h3 Bxf3 8. Bxf3 Nc6 9. Be3 Nd7 10. d5 Nce5 11. Be2 Nf6 12. Qd2 c6 13. Rad1 Qc7 14. Rfe1 Rfc8 15. Bf1 Ned7 16. Bh6 Bxh6 17. Qxh6 Qb6 18. b3 Qa5 19. Re3 Nb6 20. dxc6 bxc6 21. a4 Nbd7 22. Bc4 Qc5 23. Kh1 e6 24. Rf3 d5 25. exd5 cxd5 26. Bb5 Rc7 27. Bxd7 Nxd7 28. Nb5 Qxc2 29. Nxc7 Qxd1+ 30. Kh2 Rf8 31. Qf4 Qa1 32. Qd6 Qe5+ 33. Qxe5 Nxe5 34. Rc3 Rd8 35. Nb5 d4 36. Rc5 Nd3 37. Rc7 a6 38. Na7 Nxf2 39. Nc6 Rd6 40. Ne7+ Kg7 41. Rc8 d3 42. Rg8+ Kf6 43. Nc8 Rd4 0-1


[Site "https://www.chess.com"]

[Event "Titled Tuesday Blitz April 25 Early 2023"]
[White "Postnikov, Daniil"]
[Black "Papasimakopoulos, Alexandros"]
[WhiteFideId "4166329"]
[BlackFideId "4244125"]
[WhiteElo "2261"]
[BlackElo "2359"]
[Result "1/2-1/2"]
[Round "07"]
[TimeControl "180+2"]
[Date "2023.04.25"]
[WhiteClock "0:00:51"]
[BlackClock "0:00:19"]

1. e4 g6 2. h4 h5 3. d4 d6 4. Nc3 Bg7 5. Be3 a6 6. f3 b5 7. Qd2 Bb7 8. Nh3 Nd7 9. O-O-O Nb6 10. Bd3 Nf6 11. Ng5 b4 12. Ne2 a5 13. Nf4 Nh7 14. Nge6 fxe6 15. Nxe6 Qd7 16. Nxg7+ Kf7 17. Bh6 Rag8 18. d5 Rxg7 19. Bxg7 Kxg7 20. Rdg1 Nf6 21. Qg5 e5 22. g4 hxg4 23. h5 Rxh5 24. Rxh5 Nxh5 25. Rxg4 Nf4 26. Rh4 Qf7 27. Qh6+ Kf6 28. Qh8+ Qg7 29. Qd8+ Qe7 30. Qh8+ Qg7 31. Qd8+ Qe7 32. Qh8+ Qg7 1/2-1/2


[Site "https://www.chess.com"]

[Event "Titled Tuesday Blitz April 25 Early 2023"]
[White "Samunenkov, Ihor"]
[Black "Shvedova, Alexandra"]
[WhiteFideId "14187086"]
[BlackFideId "54154782"]
[WhiteElo "2457"]
[BlackElo "2057"]
[Result "1-0"]
[Round "07"]
[TimeControl "180+2"]
[Date "2023.04.25"]
[WhiteClock "0:02:01"]
[BlackClock "0:01:04"]

1. d4 Nf6 2. c4 e6 3. Nc3 Bb4 4. e3 O-O 5. Bd2 d5 6. Nf3 b6 7. cxd5 exd5 8. Rc1 Re8 9. Bd3 c6 10. O-O Bd6 11. Re1 Bg4 12. e4 dxe4 13. Nxe4 Nxe4 14. Bxe4 Nd7 15. Bxh7+ Kxh7 16. Rxe8 Bxf3 17. Rxd8 Bxd1 18. Rxa8 Bg4 19. Rxc6 Bb8 20. Rc8 Bd6 21. Rxa7 Be6 22. Rd8 1-0


[Site "https://www.chess.com"]

[Event "Titled Tuesday Blitz April 25 Early 2023"]
[White "Girya, Olga"]
[Black "The_Sherman_Variation"]
[WhiteFideId "4195752"]
[WhiteElo "2263"]
[BlackElo "2516"]
[Result "1-0"]
[Round "07"]
[TimeControl "180+2"]
[Date "2023.04.25"]
[WhiteClock "0:00:21"]
[BlackClock "0:00:14"]

1. d4 Nf6 2. Nf3 e6 3. c4 c5 4. d5 b5 5. e4 bxc4 6. Bxc4 exd5 7. Bxd5 Nxd5 8. Qxd5 Nc6 9. Bg5 f6 10. Bf4 Ba6 11. a3 Qa5+ 12. Nc3 Be7 13. O-O-O Rd8 14. e5 Bb7 15. exf6 Bxf6 16. Rhe1+ Be7 17. Bg5 Qb6 18. Qd6 O-O 19. Bxe7 Nxe7 20. Rxe7 Qb3 21. Qe5 Rf6 22. Rdxd7 Rxd7 23. Rxd7 Qb6 24. Ng5 h6 25. Qe8+ Rf8 26. Qe6+ Qxe6 27. Nxe6 Rxf2 28. Rxg7+ Kh8 29. Rxb7 1-0


[Site "https://www.chess.com"]

[Event "Titled Tuesday Blitz April 25 Early 2023"]
[White "Dushyant Sharma"]
[Black "Bryant, John Daniel"]
[WhiteFideId "25065130"]
[BlackFideId "2031280"]
[WhiteElo "2198"]
[BlackElo "2455"]
[Result "0-1"]
[Round "07"]
[TimeControl "180+2"]
[Date "2023.04.25"]
[WhiteClock "0:00:02"]
[BlackClock "0:00:05"]

1. e4 c5 2. Nf3 d6 3. d4 cxd4 4. Nxd4 Nf6 5. Nc3 a6 6. f4 g6 7. Nf3 Bg7 8. Bd3 O-O 9. O-O Nbd7 10. a4 Nc5 11. Kh1 b6 12. Qe1 Bb7 13. Bd2 Rc8 14. b4 Ne6 15. f5 Nc7 16. Qh4 Nce8 17. Rae1 Nd7 18. Nd5 Nef6 19. c4 Nxd5 20. exd5 Ne5 21. Ng5 h6 22. fxg6 fxg6 23. Ne6 Qd7 24. Nxf8 Rxf8 25. Rxf8+ Bxf8 26. Be4 g5 27. Bxg5 hxg5 28. Qxg5+ Bg7 29. Bf5 Qe8 30. Be6+ Kh7 31. Rf1 Bf6 32. Qf5+ Qg6 33. Qh3+ Kg7 34. Bf5 Qh6 35. Qg3+ Qg5 36. Qf2 Nxc4 37. Be4 Ne5 38. g3 Bc8 39. h4 Qh6 40. Bg2 Bg4 41. Qxb6 Qg6 42. Qxa6 Qc2 43. Rg1 Nf3 0-1


[Site "https://www.chess.com"]

[Event "Titled Tuesday Blitz April 25 Early 2023"]
[White "Bilan, Danila"]
[Black "Kvaloy, Aksel Bu"]
[WhiteFideId "24161918"]
[BlackFideId "1528815"]
[WhiteElo "2182"]
[BlackElo "2208"]
[Result "1-0"]
[Round "07"]
[TimeControl "180+2"]
[Date "2023.04.25"]
[WhiteClock "0:00:35"]
[BlackClock "0:02:17"]

1. d4 e5 2. dxe5 Qe7 3. Nf3 Nc6 4. g3 Nxe5 5. Nxe5 Qxe5 6. Bg2 Nf6 7. c4 Bc5 8. Nc3 d6 9. Bf4 Qe7 10. O-O h5 11. Bg5 Qe5 12. Bf4 Qe6 13. e4 h4 14. Nd5 Nxd5 15. exd5 Qg6 16. Re1+ Kf8 17. Qe2 Qf6 18. Qe8# 1-0


[Site "https://www.chess.com"]

[Event "Titled Tuesday Blitz April 25 Early 2023"]
[White "Devaev, Alexander"]
[Black "Domingo Nunez, Ruben"]
[WhiteFideId "4169395"]
[BlackFideId "22245570"]
[WhiteElo "2204"]
[BlackElo "2404"]
[Result "1-0"]
[Round "07"]
[TimeControl "180+2"]
[Date "2023.04.25"]
[WhiteClock "0:00:07"]
[BlackClock "0:00:12"]

1. Nf3 g6 2. d4 Bg7 3. c4 Nf6 4. Nc3 d6 5. e4 Nbd7 6. h3 e5 7. d5 a5 8. Bg5 Nc5 9. Nd2 h6 10. Be3 O-O 11. g4 Nh7 12. Rg1 f5 13. gxf5 gxf5 14. Bxh6 Rf7 15. Qh5 Qf6 16. Rg6 Qe7 17. exf5 Rxf5 18. Qe2 Rf7 19. Nde4 Nxe4 20. Nxe4 Bf5 21. Rxg7+ Rxg7 22. Bxg7 Qxg7 23. Ng3 Bg6 24. O-O-O Rf8 25. Bg2 Qh6+ 26. Rd2 Rf4 27. b3 a4 28. Kb2 Nf6 29. Qe3 Kg7 30. Re2 Qh4 31. Re1 Nd7 32. Rg1 Nc5 33. Bf1 Kf6 34. Be2 Rd4 35. Nh5+ Kf7 36. Qh6 a3+ 37. Kxa3 Qxf2 38. Qxg6+ Ke7 39. Qg7+ Kd8 40. Qh8+ Ke7 41. Rg7+ 1-0


[Site "https://www.chess.com"]